AoeStats
← ACES || Raeze

Black Forest

510733202Analyzed
2v2 RM · 21h ago on Oct 2, 2026· 55m 45s· 4 players
Game mode
Random Map
Map size
Medium (4 player)
Population
200
Speed
Normal
Resources
Standard
Victory
Conquest
Starting age
Dark Age
Ending age
Imperial Age
RankedLock teamsTeams togetherTeam positionsShared explorationLock speedFull tech treeHidden civsTurbo modeCheats
Victory
Defeat
🇹🇷 Khmer · Türkiye
698
+16
🇨🇳 Italians · China
660
+17
🇮🇳 Khmer · India
714
-17
🇮🇳 Mongols · India
672
-16
604569544
1:23 Loom
17:05 Feudal Age
21:47 Castle Age
21:45 Double-Bit Axe
21:54 Gold Mining
21:48 Horse Collar
23:33 Heavy Plow
24:46 Town Watch
31:28 Imperial Age
30:55 Silk Road
30:42 Stone Mining
31:36 Wheelbarrow
33:51 Bow Saw
34:20 Stone Shaft Mining
35:10 Chemistry
36:23 Padded Archer Armor
37:16 Conscription
38:29 Crop Rotation
38:34 Leather Archer Armor
40:28 Hand Cart
41:43 Ring Archer Armor
41:11 Fletching
41:31 Forging
42:34 Two-Man Saw
42:45 Pirotechnia
43:27 Bodkin Arrow
43:37 Scale Barding Armor
43:00 Light Cavalry
43:50 Bloodlines
45:31 Bracer
46:07 Iron Casting
45:52 Chain Barding Armor
44:58 Hussar
45:39 Husbandry
46:09 Ballistics
47:22 Treadmill Crane
47:52 Masonry
47:38 Murder Holes
47:54 Fortified Wall
48:48 Hoardings
49:52 Blast Furnace
49:27 Plate Barding Armor
50:46 Architecture
50:09 Guard Tower
50:22 Elite Skirmisher
51:07 Thumb Ring
52:23 Sanctity
52:25 Block Printing
52:11 Devotion
52:49 Theocracy
52:27 Fervor
Kostuklu/E/
4:40 Loom
10:10 Feudal Age
10:49 Double-Bit Axe
13:17 Wheelbarrow
14:36 Horse Collar
17:04 Stone Mining
17:05 Gold Mining
22:26 Castle Age
24:35 Hand Cart
27:15 Imperial Age
25:44 Bow Saw
32:43 Caravan
34:13 Heavy Plow
36:46 Imperial Age
34:02 Town Watch
34:23 Tusk Swords
36:13 Stone Shaft Mining
36:14 Gold Shaft Mining
36:40 Fortified Wall
36:40 Masonry
36:21 Heated Shot
36:52 Ballistics
36:28 Murder Holes
36:23 Guard Tower
37:26 Scale Barding Armor
37:21 Scale Mail Armor
38:13 Coinage
38:13 Double Crossbow
37:33 Elite Ballista Elephant
38:49 Hoardings
37:44 Sappers
38:35 Conscription
38:38 Chain Barding Armor
38:34 Chain Mail Armor
38:09 Fletching
38:19 Padded Archer Armor
38:36 Forging
38:36 Padded Archer Armor
38:56 Chain Mail Armor
39:23 Elite Battle Elephant
40:05 Husbandry
40:16 Bloodlines
41:54 Banking
42:33 Town Patrol
43:12 Plate Barding Armor
43:12 Iron Casting
42:33 Bodkin Arrow
42:53 Leather Archer Armor
43:11 Architecture
44:00 Chemistry
44:16 Siege Engineers
44:53 Ring Archer Armor
45:31 Blast Furnace
44:45 Bracer
46:47 Keep
46:54 Crop Rotation
47:47 Onager
51:42 Heavy Scorpion
51:42 Capped Ram
54:46 Fervor
54:47 Redemption
54:37 Devotion
54:57 Sanctity
54:34 Herbal Medicine
55:14 Theocracy
55:06 Illumination
ACES || Raeze
1:20 Loom
12:12 Feudal Age
12:42 Double-Bit Axe
15:42 Man-at-Arms
20:10 Scale Mail Armor
20:32 Horse Collar
21:44 Gold Mining
21:46 Stone Mining
23:07 Wheelbarrow
22:50 Arson
26:49 Castle Age
Assistant Boyfriend
0:27 Loom
13:30 Feudal Age
14:57 Double-Bit Axe
15:03 Gold Mining
15:04 Stone Mining
14:56 Horse Collar
23:25 Castle Age
26:33 Fervor
29:48 Bow Saw
30:18 Gold Shaft Mining
30:18 Stone Shaft Mining
32:40 Wheelbarrow
34:36 Imperial Age
32:12 Heavy Plow
34:55 Ballistics
35:57 Husbandry
36:08 Bloodlines
35:18 Light Cavalry
36:47 Hand Cart
37:05 Forging
37:00 Scale Barding Armor
36:56 Padded Archer Armor
36:47 Fletching
37:05 Double Crossbow
36:25 Elite Ballista Elephant
37:26 Conscription
37:32 Cavalier
40:08 Chain Barding Armor
40:24 Iron Casting
41:02 Chemistry
42:07 Siege Engineers
41:57 Murder Holes
42:13 Fortified Wall
41:54 Heated Shot
41:55 Guard Tower
43:11 Blast Furnace
42:47 Plate Barding Armor
47:37 Leather Archer Armor
47:17 Bodkin Arrow
48:48 Masonry
49:18 Ring Archer Armor
48:53 Bracer
52:41 Crop Rotation
54:10 Hussar
Connection lost

Rejoining the realm…

Still unreachable

The connection could not be restored.

Session expired

The server has moved on; the page needs a fresh start.